[Event "3rd Perez Open 2024"]
[Site "Santa Fe"]
[Date "2024.02.22"]
[Round "1.1"]
[White "Bona, Luca Jesus"]
[Black "Felgaer, Ruben"]
[Result "0-1"]
[ECO "D02"]
[WhiteElo "1640"]
[BlackElo "2572"]
[Annotator "TA"]
[PlyCount "46"]
[EventDate "2024.02.18"]
[EventType "swiss"]
[EventCountry "ARG"]
[SourceTitle "playchess.com"]
[Source "ChessBase"]
[SourceQuality "1"]
[TimeControl "5400+30"]

1. d4 d5 2. Bf4 Nf6 3. e3 e6 4. Nf3 Bd6 5. Bg3 O-O 6. Bd3 c5 7. c3 Qc7 8. dxc5 Qxc5 9. Nbd2 {[%emt 0:00:23] The position is equal.} Nbd7 10. e4 Bxg3 11. hxg3 {[%emt 0:00:11] aiming for e5.} dxe4 12. Nxe4 Nxe4 13. Bxe4 Nf6 14. Bc2 e5 15. Ng5 {[%emt 0:10:49] [#]} (15. O-O $11 {remains equal.}) 15... e4 $1 $40 {[%emt 0:10:20][%mdl 128] Black is out for blood.} 16. Nxe4 (16. Qd2 $17) 16... Nxe4 $19 17. Bxe4 Re8 18. Qe2 (18. Kf1 {only move.} Rxe4 19. Qd8+ Qf8 20. Qxf8+ Kxf8 21. f3) 18... f5 19. Qh5 Rxe4+ {[%emt 0:00:18] Black is clearly winning.} 20. Kf1 h6 21. Qg6 (21. a4 $142) 21... Re6 22. Qh5 Bd7 {[%emt 0:00:13] White must now prevent ...Rae8.} 23. Rd1 {[%emt 0:00:20] [#]} Rae8 $1 {[%emt 0:00:34] Weighted Error Value: White=1.07/Black=0.01 (flawless) .  Mistake:       	White=4     	---        Inaccurate:     	White=2     	Black=1      OK:         	White=3     	Black=7      Best:        	White=1     	Black=2      Strong:       	---       	Black=1} 0-1

[Event "3rd Perez Open 2024"]
[Site "Santa Fe"]
[Date "2024.02.22"]
[Round "1.2"]
[White "Flores, Diego"]
[Black "Codino, Juan Martin"]
[Result "1-0"]
[ECO "E61"]
[WhiteElo "2526"]
[BlackElo "1599"]
[Annotator "TA"]
[PlyCount "59"]
[EventDate "2024.02.18"]
[EventType "swiss"]
[EventCountry "ARG"]
[SourceTitle "playchess.com"]
[Source "ChessBase"]
[SourceQuality "1"]
[TimeControl "5400+30"]

1. Nf3 Nf6 2. c4 g6 3. Nc3 Bg7 4. d4 O-O 5. Bg5 d6 6. e3 Nbd7 7. Be2 c5 8. O-O h6 9. Bh4 g5 10. Bg3 Nh5 11. Qc2 Nxg3 12. hxg3 Qa5 {[%emt 0:01:37] The position is equal.} 13. a3 Nf6 14. b4 cxb4 (14... Qc7 $14) 15. axb4 $16 Qd8 16. Nd2 {[%emt 0:06:33] White is much more active. The black rooks are passive.} Bd7 17. c5 d5 (17... a5 $16) 18. Nf3 a6 19. Ne5 Bc6 (19... e6 $16 20. Rfb1 Be8) 20. Bxa6 $18 {[%emt 0:02:21][%cal Ob4b5] aiming for b5!} Rxa6 $2 {[%emt 0:02:18] [#]} (20... Ng4 {was called for.}) 21. Rxa6 {[%emt 0:03:48] White is clearly winning.} bxa6 22. Nxc6 Qc7 23. Qa4 Ra8 24. b5 a5 25. b6 Qb7 26. Nxa5 {[%emt 0:00:52] Excellent horsemanship.} Qd7 27. b7 Rb8 28. Qxd7 Nxd7 29. c6 Nb6 30. c7 {[%emt 0:00:48] Weighted Error Value: White=0.08 (flawless) /Black=0.64.  Mistake:       	---       	Black=4      Inaccurate:     	White=1     	Black=3      OK:         	White=6     	Black=2      Best:        	White=1     	---} 1-0

[Event "3rd Perez Open 2024"]
[Site "Santa Fe"]
[Date "2024.02.22"]
[Round "1.3"]
[White "Lopez Rodriguez, Hector"]
[Black "Acosta, Pablo Ismael"]
[Result "0-1"]
[ECO "E87"]
[WhiteElo "2144"]
[BlackElo "2479"]
[Annotator "TA"]
[PlyCount "48"]
[EventDate "2024.02.18"]
[EventType "swiss"]
[EventCountry "ARG"]
[SourceTitle "playchess.com"]
[Source "ChessBase"]
[SourceQuality "1"]
[TimeControl "5400+30"]

1. d4 Nf6 2. c4 g6 3. Nc3 Bg7 4. e4 d6 5. Be3 O-O 6. f3 Nbd7 7. Qd2 e5 8. d5 a5 9. Bh6 $2 {[%emt 0:05:19][%mdl 8192] [#]} (9. g4 $16 {and life is bright.}) 9... Nxe4 $1 $19 10. Nxe4 {[%emt 0:03:18] Black must now prevent h4.} (10. fxe4 Qh4+) 10... Qh4+ 11. g3 {[%emt 0:00:13] Black is clearly better.} Qxh6 12. Qxh6 Bxh6 13. h4 f5 14. Ng5 Nc5 {[%emt 0:00:37] Dodges Ne6} 15. N1h3 f4 16. g4 {[%emt 0:00:47] [#]} e4 $1 17. Be2 (17. Nxe4 Nxe4) 17... exf3 18. Bxf3 Nd3+ 19. Kd2 Ne5 {[%emt 0:00:22][%cal Oh6g5] aiming for ...Bxg5!} ({Don't play} 19... Nxb2 20. Rac1 $19) 20. Rhg1 $2 (20. Rae1) 20... Bxg5 {[%emt 0:00:14] Black is clearly winning.} (20... Nxc4+ $2 21. Kc3 Ne5 22. Raf1 $17) 21. Nxg5 h6 22. Be4 hxg5 23. hxg5 Bxg4 24. Bxg6 Nf3+ {[%emt 0:00:41] White did not feel at home in the position after the opening.   Weighted Error Value: White=1.41/Black=0.07 (flawless) .  Mistake:       	White=1     	---        OK:         	White=1     	Black=3      Best:        	---       	Black=2      Brilliant:      	---       	Black=1} 0-1

[Event "3rd Perez Open 2024"]
[Site "Santa Fe"]
[Date "2024.02.22"]
[Round "1.4"]
[White "Rodriguez Vila, Andres"]
[Black "Carnevale, Sofia"]
[Result "1-0"]
[ECO "A80"]
[WhiteElo "2407"]
[BlackElo "1591"]
[Annotator "TA"]
[PlyCount "47"]
[EventDate "2024.02.18"]
[EventType "swiss"]
[EventCountry "ARG"]
[SourceTitle "playchess.com"]
[Source "ChessBase"]
[SourceQuality "1"]
[TimeControl "5400+30"]

1. d4 f5 2. Bg5 g6 3. Nc3 Bg7 4. e4 fxe4 5. Nxe4 Nf6 6. Bxf6 (6. Nc3 $14) 6... exf6 $11 7. Qd2 d5 8. Nc5 {[%emt 0:04:33][%cal Be4c5,Bc5d3,Bd3f4,Bf4e6][%mdl 32] The position is equal.} O-O 9. O-O-O {[%emt 0:00:07] Active counter play!} b6 10. Nd3 Be6 (10... Nc6 $11) 11. h4 $14 Qd6 12. h5 c5 (12... Nc6 $14) 13. hxg6 hxg6 14. dxc5 bxc5 15. Nf4 {[%emt 0:00:00][%cal Of4e6] Hoping for Nxe6!} Rd8 $2 {[%emt 0:03:42][%mdl 8192] [#] A mistake that costs the game.} (15... Bf7 $16) 16. Nxe6 $18 {[%emt 0:00:00] White is clearly winning.} ({Not} 16. Nxg6 Nc6 $16) 16... Qxe6 17. Bc4 Qe7 (17... Kf8 $142 18. Bxd5 Qe7) 18. Bxd5+ Kf8 {[%emt 0:00:24] Black is weak on the light squares} 19. Qe2 Nc6 20. Qxe7+ Kxe7 21. Bxc6 Rxd1+ 22. Kxd1 Rd8+ 23. Kc1 f5 24. Ne2 {[%emt 0:00:00] Weighted Error Value: White=0.18 (very precise) /Black=0.66.  Loses game:     	---       	Black=1      Mistake:       	---       	Black=3      Inaccurate:     	White=1     	---        OK:         	White=8     	Black=4      Best:        	White=3     	Black=1} 1-0

[Event "3rd Perez Open 2024"]
[Site "Santa Fe"]
[Date "2024.02.23"]
[Round "1.5"]
[White "Serrano, Franco"]
[Black "Villca, Julian"]
[Result "0-1"]
[ECO "C22"]
[WhiteElo "1580"]
[BlackElo "2411"]
[Annotator "TA"]
[PlyCount "63"]
[EventDate "2024.02.18"]
[EventType "swiss"]
[EventCountry "ARG"]
[SourceTitle "playchess.com"]
[Source "ChessBase"]
[SourceQuality "1"]
[TimeControl "5400+30"]

1. e4 e5 2. d4 exd4 3. Qxd4 Nc6 4. Qe3 g6 5. Bd2 Bg7 6. Bc3 (6. Nc3 $11) 6... Nf6 $15 7. Nd2 (7. Bxf6 $15 Qxf6 8. Nc3) 7... O-O $17 8. f3 {[%emt 0:06:27] Black is better.} d5 {[%emt 0:00:51] aiming for ...d4.} 9. Ne2 dxe4 10. O-O-O (10. fxe4 $17 Qe7 (10... Ng4 11. Qg3 $17) 11. O-O-O) 10... Nd5 $1 $19 11. Qc5 {[%emt 0:03:06] Bxg7 would now be deadly.} Nxc3 (11... Bh6 $19 {And now ...Nxc3 would win.} 12. fxe4 Ne3) 12. Nxc3 $17 {[%emt 0:00:53] [#]} Bd4 ({Black should try} 12... exf3 $1 $17 13. Nxf3 Qf6) 13. Qa3 $1 $15 exf3 $1 14. Nxf3 {[%emt 0:03:17] Black must now prevent Nb5.} Bg4 15. Be2 Bxf3 16. Bxf3 Qg5+ 17. Kb1 Rad8 18. Ne4 Qe5 19. c3 Bb6 20. Rde1 (20. Qa4 $142) 20... Rfe8 $17 21. Qa4 {[%emt 0:04:32] [#] White is weak on the dark squares} Kg7 $1 {[%emt 0:01:16] Black is more active.} 22. h4 h6 (22... f5 $142 23. Ng5 Qxe1+ 24. Rxe1 Rxe1+ 25. Kc2 h6 26. Bxc6 hxg5 27. Bxb7 gxh4) 23. h5 f5 ({Black should play} 23... g5 $17 {...Qf4 is the strong threat.} 24. g4 Re6) 24. g4 $2 {[%emt 0:12:14][%mdl 8192] Loses the game.} fxe4 $19 25. g5 (25. Qxe4 {was necessary.} Qxe4+ 26. Bxe4) 25... Qxg5 26. Bxe4 Ne5 27. Re2 (27. Bxg6 {might work better.} Rf8 (27... Nxg6 28. Rxe8 Rxe8 29. Qxe8 $11) 28. Be4) 27... Ng4 {[%emt 0:00:58] Black is clearly winning.} ({Don't take} 27... gxh5 28. Bxb7 Rf8 29. a3) 28. Rg2 gxh5 {[%emt 0:00:29] Strongly threatening ...Qf4.} 29. Ka1 Qf4 30. Bc2 Qxa4 31. Bxa4 c6 32. a3 {[%emt 0:00:20] Weighted Error Value: White=0.69/Black=0.39.  Loses game:     	White=1     	---        Mistake:       	White=5     	Black=4      Inaccurate:     	White=1     	Black=2      OK:         	White=5     	Black=13     Best:        	White=2     	Black=1      Strong:       	White=1     	Black=2} 0-1

[Event "3rd Perez Open 2024"]
[Site "Santa Fe"]
[Date "2024.02.23"]
[Round "1.6"]
[White "Spata, German"]
[Black "Fournel, Bautista"]
[Result "1-0"]
[ECO "D42"]
[WhiteElo "2399"]
[BlackElo "1571"]
[Annotator "TA"]
[PlyCount "61"]
[EventDate "2024.02.18"]
[EventType "swiss"]
[EventCountry "ARG"]
[SourceTitle "playchess.com"]
[Source "ChessBase"]
[SourceQuality "1"]
[TimeControl "5400+30"]

1. e4 c6 2. d4 d5 3. exd5 cxd5 4. c4 Nf6 5. Nc3 e6 6. Nf3 Nc6 7. cxd5 Nxd5 8. Bd3 Be7 9. O-O O-O 10. Re1 Bf6 11. Be4 Nde7 12. Be3 b6 {[%emt 0:00:00] [#]} (12... Nb4 $11) 13. Ne5 Bb7 14. Ng4 {[%emt 0:00:58] White is much more active.} (14. Qh5 $16 g6 15. Qf3 Bxe5 16. dxe5 Nxe5 17. Qg3 Bxe4 18. Nxe4 (18. Qxe5 Bd5 $16)) 14... Bh4 $11 {[%emt 0:00:00] aiming for ...f5.} 15. d5 exd5 16. Nxd5 f5 17. Nxe7+ $1 Qxe7 18. Bd5+ Kh8 19. Bf4 ({White should play} 19. g3 $15) 19... Qd7 (19... Qb4 $17 20. Bxc6 Bxc6) 20. Ne3 Bf6 21. Nc4 $132 {[%emt 0:17:53][%mdl 2048] White is not holding back} Rad8 22. Nd6 {[%emt 0:02:57] Nxb7 is the strong threat.} Bxb2 {[%emt 0:00:00] [#]} (22... g5 $11 23. Nxb7 Qxb7) 23. Nxb7 Qxb7 (23... Bxa1 $15 24. Nxd8 Rxd8) 24. Rb1 Bc3 (24... Qd7 $1 $11 {and Black has nothing to worry.}) 25. Re3 $2 ({White must play} 25. Re6 $18) 25... Bb4 $2 (25... Bd4 $11 {and Black is okay.} 26. Qxd4 Qd7) 26. Qf3 Rc8 (26... Bd2 $142 27. Bxc6 Qc8) 27. Re6 $18 ({Worse is} 27. Bxc6 Qxc6 (27... Rxc6 $2 {is the wrong capture.} 28. Re6 $18) 28. Qxc6 Rxc6 $15) 27... Rf6 28. Rxf6 {[%emt 0:00:22] White is clearly winning.} gxf6 29. Rxb4 {[%emt 0:00:33] And now Rc4 would win.} Qe7 30. Rb1 {[%emt 0:01:30] Wards off Qe1+} (30. Bxc6 $2 Qe1#) 30... Nd4 31. Qe3 {[%emt 0:01:46] Weighted Error Value: White=0.51/Black=0.79.  Loses game:     	---       	Black=2      Missed win:     	White=1     	---        Mistake:       	White=4     	Black=5      Inaccurate:     	White=1     	Black=1      OK:         	White=7     	Black=5      Best:        	White=1     	Black=1      Strong:       	White=1     	---} 1-0

[Event "3rd Perez Open 2024"]
[Site "Santa Fe"]
[Date "2024.02.23"]
[Round "2.1"]
[White "Felgaer, Ruben"]
[Black "Angelini, Diego"]
[Result "1-0"]
[ECO "B90"]
[WhiteElo "2572"]
[BlackElo "2014"]
[Annotator "TA"]
[PlyCount "81"]
[EventDate "2024.02.18"]
[EventType "swiss"]
[EventCountry "ARG"]
[SourceTitle "playchess.com"]
[Source "ChessBase"]
[SourceQuality "1"]
[TimeControl "5400+30"]

1. e4 c5 2. Nc3 d6 3. Nge2 Nf6 4. d4 cxd4 5. Nxd4 a6 6. a4 g6 7. g3 Bg4 8. Qd3 Nbd7 9. h3 Nc5 {[%emt 0:04:55] White is slightly better.} 10. Qe3 Bd7 11. Bg2 e5 12. Nde2 Bg7 13. O-O O-O 14. Rd1 Qe7 15. b4 Ne6 16. Nd5 Nxd5 17. exd5 Nc7 18. c4 $36 {[%emt 0:02:11][%cal Bc2c4,Bc4c5][%mdl 2080] Black is under pressure.} Rfc8 19. a5 Ne8 20. Qb3 h5 21. Be3 Kh7 22. Rac1 Bh6 {[%emt 0:01:12] White stays focused until the end.} 23. c5 {[%emt 0:02:37] White is more active.} f5 {[%emt 0:07:54] [#]} (23... Rab8 $16 24. Re1 Bg7) 24. Bxh6 $1 $18 Kxh6 25. Qe3+ Kh7 26. Nd4 {[%emt 0:03:13][%cal Be2d4,Bd4f3,Bf3g5,Bg5e4][%mdl 32] Threatens to win with c6.} ({Much less strong is} 26. c6 bxc6 27. dxc6 Be6 $16) 26... Rc7 27. Nf3 {[%emt 0:08:34] And now cxd6 would win.} e4 (27... Qf6 $142 28. Ng5+ (28. cxd6 Rxc1 29. Rxc1 e4 $16) 28... Kg7) 28. Ng5+ Kg8 29. f3 Rac8 30. fxe4 fxe4 31. Nxe4 Bf5 32. Re1 Qd7 $2 (32... Bxe4 {keeps fighting.} 33. Bxe4 (33. Qxe4 Qg5 $18) 33... Nf6) 33. Ng5 Ng7 34. c6 Qd8 35. Kh2 Qf6 36. Qf4 Qf8 $2 (36... Rf8 37. Qd2 Kh8) 37. Rc3 {[%emt 0:04:30] White is clearly winning.} Re7 38. Rxe7 Qxe7 39. cxb7 Rb8 {[%emt 0:00:52] [#]} 40. b5 $1 Rxb7 41. b6 {[%emt 0:10:39] Weighted Error Value: White=0.19 (very precise) /Black=0.50.  Mistake:       	---       	Black=4      Inaccurate:     	White=1     	Black=3      OK:         	White=19    	Black=8      Strong:       	White=1     	---} 1-0

[Event "3rd Perez Open 2024"]
[Site "Santa Fe"]
[Date "2024.02.23"]
[Round "2.2"]
[White "Fuentes, Agustin"]
[Black "Flores, Diego"]
[Result "0-1"]
[ECO "B07"]
[WhiteElo "1986"]
[BlackElo "2526"]
[Annotator "TA"]
[PlyCount "68"]
[EventDate "2024.02.18"]
[EventType "swiss"]
[EventCountry "ARG"]
[SourceTitle "playchess.com"]
[Source "ChessBase"]
[SourceQuality "1"]
[TimeControl "5400+30"]

1. e4 d6 2. d4 Nf6 3. Nc3 g6 4. Be3 c6 5. Qd2 b5 6. Bd3 Nbd7 7. Nf3 e5 8. h3 Bb7 9. Ne2 (9. dxe5 $14 dxe5 10. O-O) 9... exd4 $11 10. Bxd4 {[%emt 0:08:48] The position is equal.} Bg7 11. O-O O-O 12. Ng3 c5 13. Bxf6 Nxf6 14. e5 (14. c3 $15) 14... dxe5 $17 15. Bxb5 Qb6 16. Be2 (16. Bc4 $142) 16... Rad8 (16... Qxb2 $2 17. Rfb1 Qa3 18. Rxb7 $18) 17. Qc3 (17. Qe1 $17 {was called for.}) 17... e4 $19 18. Nh2 Rd4 19. Rad1 Nd5 20. Qe1 Nb4 (20... Qxb2 21. Rb1 Qxc2 22. Rxb7 $14) 21. Rxd4 Nxc2 (21... Bxd4 22. c3 $16) 22. Qb1 Nxd4 23. Bc4 Qc6 24. Ng4 Kh8 25. Ne3 f5 26. Bd5 Qc7 27. Bxb7 Qxb7 28. Nc4 h5 {[%emt 0:10:07] [#] aiming for ...h4.} 29. Re1 Rd8 30. Qc1 Qa6 31. Qg5 (31. b3 {might work better.}) 31... Rd7 32. b3 Kh7 (32... Qxa2 $2 {too greedy.} 33. Qxg6 Re7 34. Ne3 $18 (34. Qxh5+ Kg8 $18) (34. Nxh5 Qxb3 35. Nd6 Qe6 $18) (34. Nxf5 Nxf5 35. Qxf5 Qxb3 $18)) 33. Kh1 $2 {[%emt 0:04:21] [#]} (33. Qh4) 33... Qxa2 34. Nxh5 Qxf2 {[%emt 0:01:02] White did not feel at home in the position after the opening.   Weighted Error Value: White=0.41/Black=0.09 (flawless) .  Mistake:       	White=6     	---        Inaccurate:     	White=1     	Black=1      OK:         	White=6     	Black=9      Best:        	White=3     	Black=3} 0-1

[Event "3rd Perez Open 2024"]
[Site "Santa Fe"]
[Date "2024.02.23"]
[Round "2.3"]
[White "Acosta, Pablo Ismael"]
[Black "Gutierrez, Ramiro"]
[Result "0-1"]
[ECO "C42"]
[WhiteElo "2479"]
[BlackElo "1887"]
[Annotator "RC"]
[PlyCount "94"]
[EventDate "2024.02.18"]
[EventType "swiss"]
[EventCountry "ARG"]
[SourceTitle "playchess.com"]
[Source "ChessBase"]
[SourceQuality "1"]
[TimeControl "5400+30"]

1. e4 e5 2. Nf3 Nf6 3. Nxe5 Qe7 4. d4 Nc6 5. Nxc6 Qxe4+ 6. Qe2 Qxe2+ 7. Bxe2 dxc6 8. O-O Bf5 9. c3 c5 10. Be3 Nd5 11. Bf3 O-O-O 12. Bxd5 Rxd5 13. c4 Rd8 14. dxc5 Bd3 15. Rd1 Be7 16. Na3 Bf6 17. Rd2 a6 18. Rad1 Be2 19. Rxd8+ Rxd8 20. Rxd8+ Kxd8 21. Bc1 Bd3 22. g4 Kd7 23. Kg2 Bd4 24. b4 c6 25. Kf3 Ke6 26. h3 h6 27. h4 g5 28. hxg5 hxg5 29. Kg3 Bc3 30. Kf3 Bd4 31. Kg3 a5 32. bxa5 Bxc5 33. f4 Bd6 34. c5 gxf4+ 35. Kf3 Bxc5 36. Kxf4 Kd5 37. Kg5 Bb4 38. Kf6 Bg6 39. a6 bxa6 40. g5 c5 41. Ke7 c4+ 42. Kd7 c3 43. Kc7 Kd4 44. Kb6 Bd3 45. Kb7 Bc5 46. Kc6 Be4+ 47. Kd7 Kd3 0-1

[Event "3rd Perez Open 2024"]
[Site "Santa Fe"]
[Date "2024.02.23"]
[Round "2.4"]
[White "Antoniazzi, Maximiliano"]
[Black "Rodriguez Vila, Andres"]
[Result "0-1"]
[ECO "B28"]
[WhiteElo "1871"]
[BlackElo "2407"]
[Annotator "TA"]
[PlyCount "56"]
[EventDate "2024.02.18"]
[EventType "swiss"]
[EventCountry "ARG"]
[SourceTitle "playchess.com"]
[Source "ChessBase"]
[SourceQuality "1"]
[TimeControl "5400+30"]

1. e4 c5 2. Nf3 a6 3. d4 cxd4 4. Nxd4 Nf6 5. Nc3 e5 6. Nb3 Bb4 7. Qd3 Nc6 8. Bg5 Bxc3+ 9. bxc3 h6 {[%emt 0:00:05] The position is equal.} 10. Bxf6 Qxf6 11. Be2 O-O 12. a4 d6 13. O-O Rd8 14. Nd2 Be6 15. Nc4 d5 16. Nb6 dxe4 17. Qxe4 Bf5 18. Qe3 Rab8 19. Qc5 ({White should try} 19. Bd3 $15) 19... Bxc2 $17 20. Bf3 (20. Rac1 $17 Bd3 21. Bxd3 Rxd3 22. Nd5) 20... e4 $19 21. Bg4 Ne5 {[%emt 0:00:59] Dodges Nd7} 22. Bh3 Qg5 {[%emt 0:02:23] [#] And now ...Nf3+ would win.} 23. Kh1 $2 (23. Qc7 {might work better.}) 23... Nd3 (23... Bd3 $142 24. g3 Bxf1 25. Rxf1 Nd3 26. Qxg5 hxg5) 24. Qc7 $2 (24. Qxg5 {is a better defense.} hxg5 25. g3) 24... Nf4 {[%emt 0:01:27] Black is clearly winning.} 25. Nd7 (25. Rfc1 $142 Bd3 26. Re1) 25... Rbc8 26. Qd6 Nxh3 27. gxh3 {[%emt 0:00:16] White is weak on the light squares} Qf5 28. Rad1 Bxa4 {[%emt 0:01:38] Weighted Error Value: White=0.87/Black=0.15 (very precise) .  Mistake:       	White=5     	Black=1      OK:         	White=6     	Black=9      Best:        	---       	Black=2} 0-1

[Event "3rd Perez Open 2024"]
[Site "Santa Fe"]
[Date "2024.02.23"]
[Round "2.5"]
[White "Villca, Julian"]
[Black "Tornquist, Carlos"]
[Result "1-0"]
[ECO "E61"]
[WhiteElo "2411"]
[BlackElo "1813"]
[Annotator "RC"]
[PlyCount "61"]
[EventDate "2024.02.18"]
[EventType "swiss"]
[EventCountry "ARG"]
[SourceTitle "playchess.com"]
[Source "ChessBase"]
[SourceQuality "1"]
[TimeControl "5400+30"]

1. c4 Nf6 2. g3 g6 3. Nc3 Bg7 4. d4 O-O 5. Bg2 Nc6 6. e3 d6 7. Nge2 e5 8. O-O Bf5 9. d5 Na5 10. e4 Bd7 11. Qd3 b6 12. b4 Nb7 13. a3 a5 14. Bd2 Qc8 15. Nb5 Bh3 16. f3 Bxg2 17. Kxg2 Nh5 18. g4 Nf4+ 19. Nxf4 exf4 20. Nd4 g5 21. h4 h5 22. Nf5 Qd7 23. Bc3 Bxc3 24. Qxc3 f6 25. gxh5 Qh7 26. Kf2 axb4 27. axb4 Qxh5 28. Rg1 Rxa1 29. Qxa1 Nd8 30. hxg5 Nf7 31. Qxf6 1-0

[Event "3rd Perez Open 2024"]
[Site "Santa Fe"]
[Date "2024.02.23"]
[Round "2.6"]
[White "Gini, Sebastian"]
[Black "Spata, German"]
[Result "0-1"]
[ECO "A31"]
[WhiteElo "1805"]
[BlackElo "2399"]
[Annotator "TA"]
[PlyCount "99"]
[EventDate "2024.02.18"]
[EventType "swiss"]
[EventCountry "ARG"]
[SourceTitle "playchess.com"]
[Source "ChessBase"]
[SourceQuality "1"]
[TimeControl "5400+30"]

1. e4 c5 2. Nf3 e6 3. c4 d6 4. d4 cxd4 5. Nxd4 Nf6 6. Nc3 Be7 7. Be2 a6 8. O-O O-O 9. Be3 Qc7 10. Rc1 b6 11. Qd2 Bb7 12. f3 Nbd7 13. Rfd1 Rac8 14. Bf1 Qb8 15. b4 Bd8 16. Kh1 Bc7 17. b5 {[%emt 0:03:05] Hoping for bxa6. White is slightly better.} Ne5 18. bxa6 Bxa6 19. Ncb5 Bd8 20. Nb3 (20. Be2 $14) 20... Be7 (20... Bxb5 $11 21. cxb5 Rxc1 22. Rxc1 d5) 21. Qd4 (21. Nxd6 Rcd8 22. Qc3 (22. c5 $2 Bxf1 23. Bf4 Ng6 $19) 22... Bxd6 $17) 21... Rc6 22. a4 Nfd7 23. a5 Nc5 24. Nxc5 bxc5 25. Qd2 Qa8 26. f4 Ng4 27. Bg1 Rd8 28. Be2 Nf6 29. Bf3 {[%emt 0:00:10] e5 is the strong threat.} Bb7 30. Qc3 ({White should try} 30. a6 $16 Rxa6 (30... Bxa6 $2 {loses.} 31. e5 $18) 31. Nc7) 30... Rcc8 (30... Ne8 $1 $14) 31. e5 $16 Ne4 32. Qe1 d5 33. Bxe4 (33. Ra1 $5) 33... dxe4 34. Be3 (34. Nd6 $14) 34... Rd3 $11 35. Rxd3 exd3 36. Qd2 Be4 37. Ra1 Qa6 38. Kg1 h5 39. Qf2 Bb7 40. Bd2 Bc6 41. Rb1 Rb8 {[%emt 0:00:33] [#]} (41... Be4 $11 {keeps the balance.}) 42. Qe3 (42. f5 $1 $16) 42... Rd8 43. Rb3 Qa8 44. Rxd3 Bxg2 45. Rxd8+ Bxd8 46. Qxc5 $2 (46. Nd6 $11 {and White stays safe.}) 46... Bh3 $1 $40 {[%emt 0:00:43][%mdl 128] White is in trouble. This pair of bishops is nice.} ({Don't take} 46... Bxa5 47. Bxa5 Bh3 48. Kf2 Qxa5 49. Qe3 Qa2+ 50. Qe2 $17) 47. Qf2 {[%emt 0:00:10] Prevents Qg2+} Bxa5 48. Be3 {[%emt 0:00:40][%mdl 8192] [#] Inhibits Bb6.} (48. Bxa5 $17 Qxa5 49. Qe2) 48... Qe4 49. Qg3 Qb1+ ({Weaker is} 49... Qxc4 50. Qxh3 Qxb5 51. Qxh5 $15) 50. Kf2 {[%emt 0:02:01] Weighted Error Value: White=0.35/Black=0.14 (very precise) .  Loses game:     	White=2     	---        Mistake:       	White=4     	Black=3      Inaccurate:     	White=1     	Black=4      OK:         	White=15    	Black=9      Best:        	White=2     	Black=1      Strong:       	---       	Black=1} 0-1